AoeStats
← TrexerT

Arabia

509448786Analyzed
1v1 RM · 5d ago on Sep 26, 2026· 29m 34s· 2 players
Game mode
Random Map
Map size
Tiny (2 player)
Population
200
Speed
Normal
Resources
Standard
Victory
Conquest
Starting age
Dark Age
Ending age
Imperial Age
RankedLock teamsTeams togetherTeam positionsShared explorationLock speedFull tech treeHidden civsTurbo modeCheats
Victory
Defeat
🇵🇦 Chinese · Panama
930
+16
🇷🇴 Varangians · Romania
939
-16
PlasteredPlace01
0:29 Loom
11:01 Feudal Age
12:03 Double-Bit Axe
18:41 Fletching
21:00 Castle Age
20:09 Horse Collar
20:22 Gold Mining
22:19 Fletching
TrexerT
11:36 Feudal Age
14:09 Double-Bit Axe
16:16 Fletching
22:07 Castle Age
20:32 Horse Collar
22:34 Arson
22:54 Elite Skirmisher
Connection lost

Rejoining the realm…

Still unreachable

The connection could not be restored.

Session expired

The server has moved on; the page needs a fresh start.